 Dungeon Crawl Stone Soup version 0.25.0-9-g26727b657a (webtiles) character file.

Game seed: 1702334843839345520

319 mopl the Insei (level 6, -1/34 HPs)
             Began as a Kobold Transmuter on June 17, 2020.
             Slain by Pikel
             ... wielding a +0 whip of freezing
              (6 damage)
             ... on level 4 of the Dungeon.
             The game lasted 00:06:16 (3456 turns).

mopl the Insei (Kobold Transmuter)                  Turns: 3456, Time: 00:06:16

Health: -1/34      AC:  2    Str:  9    XL:     6   Next: 74%
Magic:  6/11       EV: 20    Int: 15    God:
Gold:   147        SH:  0    Dex: 20    Spells: 2/12 levels left

rFire    . . .     SeeInvis +     - Unarmed
rCold    . . .     Gourm    .   (shield currently unavailable)
rNeg     . . .     Faith    .   (armour currently unavailable)
rPois    x         Spirit   .   (helmet currently unavailable)
rElec    .         Reflect  .   (cloak currently unavailable)
rCorr    .         Harm     .   (gloves currently unavailable)
MR       .....                  (boots currently unavailable)
Stlth    ++........             (no amulet)
HPRegen  0.11/turn              t - ring of see invisible
MPRegen  0.12/turn              (no ring)

@: spider-form, very slightly contaminated
A: tiny, carnivore
a: End Transformation


You were on level 4 of the Dungeon.
You were completely stuffed.
You were a venomous arachnid creature.
You visited 1 branch of the dungeon, and saw 4 of its levels.

You collected 147 gold pieces.

Inventory:

Missiles
 a - 24 arrows
 f - 20 poisoned darts (quivered)
 k - 8 sling bullets
 m - 81 stones
 v - 8 curare-tipped darts
Armour
 p - a +0 leather armour of poison resistance (melded)
 x - a +1 helmet (melded)
Jewellery
 t - a ring of see invisible (left front leg)
Scrolls
 c - 2 scrolls of remove curse
 g - 3 scrolls of teleportation {unknown}
 j - a scroll of random uselessness {unknown}
 q - 2 scrolls of enchant weapon {unknown}
 s - a scroll of amnesia {unknown}
 w - a scroll of magic mapping {unknown}
Potions
 b - 2 potions of curing {unknown}
 e - a potion of ambrosia
 h - a potion of resistance {unknown}
 l - a potion of invisibility
 n - 3 potions of heal wounds {unknown}
 o - a potion of stabbing
 r - 2 potions of cancellation
 u - a potion of berserk rage
Comestibles
 d - 5 rations
 i - 4 chunks of flesh


   Skills:
 - Level 1.1 Fighting
 - Level 2.4 Dodging
 * Level 5.2 Unarmed Combat
 + Level 3.6 Spellcasting
 + Level 3.6 Transmutations
 + Level 0.5 Ice Magic
 - Level 1.0 Poison Magic


You had 2 spell levels left.
You knew the following spells:

 Your Spells              Type           Power        Failure   Level  Hunger
a - Beastly Appendage     Tmut           ##....       13%         1    None
b - Spider Form           Tmut/Pois      #.........   43%         3    ###....
d - Ice Form              Ice/Tmut       #.......     82%         4    ####...
w - Sticks to Snakes      Tmut           ##......     17%         2    ##.....

Your spell library contained the following spells:

 Spells                   Type           Power        Failure   Level  Hunger
 Blade Hands              Tmut           ##........   89%         5    ######.


Dungeon Overview and Level Annotations

Branches:
Dungeon (4/15)
 Temple: D:4-7

Altars:
Ru
Zin

Annotations:
D:4 Pikel


Innate Abilities, Weirdness & Mutations

You are small and have problems with some larger weapons.
You are carnivorous and can eat meat at any time.


Message History

You kill the jackal!
You barely miss Pikel. The jackal completely misses you.
Pikel cracks his whip.
Pikel hits you with a +0 whip of freezing.
* * * LOW HITPOINT WARNING * * *
Pikel freezes you.
* * * LOW HITPOINT WARNING * * *
You hit Pikel but do no damage.
Pikel is poisoned.
The jackal bites you.
* * * LOW HITPOINT WARNING * * *
Pikel says, "Who am I kidding?
They'll work you to death!" Pikel completely misses you.
You bite Pikel!
Pikel looks as sick as possible!
Pikel is moderately wounded.
The jackal bites you but does no damage.
Pikel completely misses you. The jackal barely misses you.
You hit Pikel.
Pikel is heavily wounded.
The jackal misses you.
Pikel hits you with a +0 whip of freezing.
You die...

#... ....... #####.. p......
#...... ....... ######. .......
#...... ....... #### #####..
....... #..##### ### #####..
......p#####...##.# #.#........
#..ph....'.phhs.# #.#######..
#.########..p##K#####.#########
.........h......##.......
##.......................
......############.######
..#.##.# #.# ####. #.# #.######
#. #.# #.##.... #.##.###


You could see Pikel (extremely poisoned), 2 slaves and 3 jackals.

Vanquished Creatures
  2 slaves (D:4)
  A howler monkey (D:4)
  2 orc wizards (D:3)
  An orc priest (D:3)
  Robin (D:3)
  6 adders
  3 gnolls (D:2)
  A howler monkey skeleton (D:4)
  2 oozes
  A worm (D:3)
  A dart slug (D:2)
  2 leopard geckos
  7 orcs
  A ball python (D:2)
  5 giant cockroaches
  5 hobgoblins
  5 jackals
  4 kobolds
  7 bats
  5 frilled lizards
  11 goblins
  A quokka zombie (D:2)
  4 rats
78 creatures vanquished.

Notes
Turn   | Place    | Note
-------+----------+-------------------------------------------
     0 | D:1      | mopl the Kobold Transmuter began the quest for the Orb.
     0 | D:1      | Reached XP level 1. HP: 12/12 MP: 3/3
   153 | D:1      | Reached XP level 2. HP: 13/16 MP: 3/5
   164 | D:1      | Learned a level 2 spell: Sticks to Snakes
   829 | D:2      | Reached XP level 3. HP: 18/20 MP: 4/6
   834 | D:2      | Learned a level 3 spell: Spider Form
  1163 | D:2      | Reached XP level 4. HP: 23/25 MP: 0/8
  1219 | D:2      | Found a glowing silver altar of Zin.
  1264 | D:2      | Reached skill level 1 in Poison Magic
  1542 | D:2      | Reached skill level 4 in Unarmed Combat
  1779 | D:2      | Reached XP level 5. HP: 17/29 MP: 9/9
  2148 | D:3      | Reached XP level 6. HP: 25/34 MP: 4/10
  2550 | D:3      | Reached skill level 5 in Unarmed Combat
  2758 | D:3      | Noticed Robin
  2769 | D:3      | Killed Robin
  2798 | D:3      | Learned a level 4 spell: Ice Form
  3319 | D:4      | Found a sacrificial altar of Ru.
  3413 | D:4      | Noticed a slave
  3413 | D:4      | Noticed a slave
  3426 | D:4      | Killed a slave
  3427 | D:4      | Noticed a slave
  3428 | D:4      | Noticed Pikel
  3429 | D:4      | Noticed a slave
  3450 | D:4      | Killed a slave
  3456 | D:4      | Slain by Pikel

Illustrated notes

Levels and vault maps discovered:
D:1:      wander_arrival_peaceful_grave, layout_rooms, serial_forest,
          infiniplex_forest_end_3, infiniplex_forest_lined_1,
          infiniplex_forest_corner_1, infiniplex_forest_lined_2,
          grunt_decor_mini_mirrors
D:2:      cheibrodos_helix_gallery, layout_rooms, zin_statuary, first_ration
D:3:      layout_loops_ring, uniq_robin
D:4:      layout_basic, nicolae_ru_the_path_less_chosen,
          minmay_temple_entry_nine_rooms, uniq_pikel

Skill      XL: |  1  2  3  4  5  6 |
---------------+-------------------+-----
Poison Magic   | 1 |  1.0
Unarmed Combat | 4 5 |  5.2
Spellcasting   | 3 |  3.6
Transmutations | 3 |  3.6
Fighting       | |  1.1
Dodging        | |  2.4
Ice Magic      | |  0.5

Action                   |  1- 3 |  4- 6 || total
-------------------------+-------+-------++-------
Melee: Unarmed           |    82 |   201 ||   283
       Kick              |     9 |     5 ||    14
       Headbutt          |     4 |     6 ||    10
       Punch             |     2 |     1 ||     3
Throw: Dart              |     4 |     1 ||     5
 Cast: Beastly Appendage |    13 |    14 ||    27
       Spider Form       |     1 |     9 ||    10
  Use: Scroll            |       |     8 ||     8
 Stab: Sleeping          |     2 |     1 ||     3
  Eat: Chunk             |     9 |     9 ||    18
Armor: Robe              |    10 |    14 ||    24
       Skin              |       |     4 ||     4
       Leather armour    |       |     7 ||     7
Dodge: Dodged            |    68 |   139 ||   207
